 Dungeon Crawl Stone Soup version 0.29-a0-284-gf9362112df (webtiles) character file.

Game seed: 7374873069909414850

1132 spiderkeys the Skirmisher (level 8, 0/190 (195) HPs)
             Began as an Ogre Abyssal Knight on Mar 29, 2022.
             Was a High Priest of Lugonu.
             Slain by Duvessa
             ... wielding a +2 vampiric rapier
              (7 damage)
             ... on level 5 of the Dungeon.
             The game lasted 00:06:57 (4444 turns).

spiderkeys the Skirmisher (Ogre Abyssal Knight)     Turns: 4444, Time: 00:06:58

HP:   0/190 (195)   AC: 24    Str: 20    XL:     8   Next: 36%
MP:   12/12         EV:  1    Int: 11    God:    Lugonu [*****.]
Gold: 286           SH:  0    Dex:  9    Spells: 7/7 levels left

rFire   + . .      SeeInvis .   a - +2 hand axe
rCold   + . .      Faith    .   (no shield)
rNeg    . . .      Spirit   .   (body armour currently unavailable)
rPois   +          Reflect  .   (helmet currently unavailable)
rElec   .          Harm     .   (cloak currently unavailable)
rCorr   .          Rampage  .   (gloves unavailable)
Will    .....      NoTele   +   (boots unavailable)
Stlth   ..........              g - amulet of regeneration
HPRegen 1.21/turn               C - ring of protection from cold
MPRegen 0.13/turn               F - ring of protection from fire

@: berserking, tree-form, hasted, lightly drained, very quick
A: stationary, stasis, torment immunity, boosted hp, large, unfitting armour,
(tough skin 1)
a: Renounce Religion, Depart the Abyss, Bend Space, Banish, Corrupt, Enter the
Abyss


You were on level 5 of the Dungeon.
You worshipped Lugonu.
Lugonu was extremely pleased with you.
You were a tree.
You visited 1 branch of the dungeon, and saw 5 of its levels.
You visited the Abyss 1 time.

You collected 286 gold pieces.


Innate Abilities, Weirdness & Mutations

You are a tree.
Your roots penetrate the ground, keeping you stationary.
You cannot be teleported.
You are immune to unholy pain and torment.
Your maximum health is greatly increased.
Your equipment is partially melded.
You are too large for most types of armour.
((You have tough skin. (AC +1)))


   Skills:
 + Level 7.4 Fighting
 + Level 5.1 Axes
 + Level 4.8 Dodging
 + Level 5.5 Invocations


You had 7 spell levels left.
You didn't know any spells.
Your spell library contained the following spells:

 Spells                   Type           Power      Damage    Failure   Level
 Animate Armour           Summ/Erth      0%         N/A       98%         4
 Blade Hands              Tmut           0%         N/A       100%        5
 Iron Shot                Conj/Erth      0%         9d1       100%        6

Inventory:

Hand Weapons
 a - a +2 hand axe (weapon)
Missiles
 f - 191 stones
 l - 3 javelins
 n - 14 poisoned darts
 r - 6 atropa-tipped darts
Armour
 c - a +2 robe of positive energy (melded)
   (You found it on level 1 of the Dungeon)
 w - a +0 robe
   (You took it off Blork the orc on level 4 of the Dungeon)
 z - a +0 robe
   (You took it off an orc wizard on level 4 of the Dungeon)
 H - a +0 robe
   (You found it on level 5 of the Dungeon)
Jewellery
 g - an amulet of regeneration (around neck)
   (You found it on level 3 of the Dungeon)
 C - a ring of protection from cold (left branch)
   (You took it off an orc on level 4 of the Dungeon)
 F - a ring of protection from fire (right branch)
   (You found it on level 5 of the Dungeon)
Wands
 q - a wand of flame (23)
   (You took it off a kobold on level 3 of the Dungeon)
 A - a wand of paralysis (4)
   (You found it on level 5 of the Dungeon)
Scrolls
 b - a scroll of blinking {unknown}
 h - a scroll of fear {unknown}
 i - a scroll of vulnerability {!r!r}
 j - a scroll of immolation {!r!r}
 k - a scroll of noise {!r}
 m - 2 scrolls of silence {!r}
 s - a scroll of amnesia
 t - a scroll of fog {unknown}
 u - 2 scrolls of enchant weapon
 y - a scroll of enchant armour {unknown}
 B - a scroll of magic mapping {!r}
 G - a scroll of teleportation {@r4}
 I - a scroll of identify {@r1}
Potions
 d - a potion of attraction {unknown}
 e - a potion of haste {@q3}
 o - a potion of lignification {!q}
 p - a potion of curing {@q1}
 x - a potion of brilliance {unknown}
 D - a potion of mutation {unknown}
 E - a potion of cancellation {unknown}

Dungeon Overview and Level Annotations

Branches:
Dungeon (5/15)             Temple (0/1) D:4

Altars:

Shops:
D:5 (

Annotations:
D:4 3 runed translucent doors, Psyclone's ghost, amateur OpTm
D:5 Dowan; Duvessa

............ # .#
##............ # ..
##.............## #
.##..)............# #
..........#........ #
##.......?# #.....##
#.......####......##
...##.Y)โ€ ............#..
...ยง..eโ™ฃ.##.#......#...#
........โ€ ...##........##
.......................#
.....e..............#..#
....................##[#
$....................#..
..............#......#..
.........:..#.##........
..........#..##....#..


You could see Duvessa, a sky beast and Dowan.


Message History

The black bear bites you but does no damage.
The black bear claws you but does no damage. x2
The adder bites you but does no damage. The black bear bites you!
* * * LOW HITPOINT WARNING * * *
The black bear claws you but does no damage. x2
A sky beast appears from thin air!
Reactivating autopickup. ๐Ÿ˜ฑ HP[-7]
You take 7 damage, and now have 7/126 hp.
Aiming: Paralyse
Press: ? - help, Shift-Dir - straight line, f - black bear
Aim: a black bear (severely wounded, berserk, chance to affect: 49%)
The black bear suddenly stops moving!
The adder bites you but does no damage. ๐Ÿ˜ฑ HP[+1]
The helpless black bear fails to defend itself.
You slash the black bear! You miss the adder.
The sky beast flickers out of sight!
Deactivating autopickup; reactivate with Ctrl-A.
The adder bites you but does no damage. ๐Ÿ˜ฑ HP[+1]
The helpless black bear fails to defend itself.
You hit the black bear.
You kill the black bear!
Lugonu accepts your kill.
You hit the necrophage. You miss the adder.
The adder bites you but does no damage.
The necrophage hits you but does no damage.
Your life force feels restored.
You now have 130 max hp (+4).
It was a potion of curing.
You feel better.
The ufetubus shouts!
The adder bites you but does no damage. ๐Ÿ˜ฑ HP[+6] MP[+1]
You regained 6 hp, and now have 15/130 hp.
Your mp is fully restored (12).
It was a potion of berserk rage.
A red film seems to cover your vision as you go berserk!
You feel yourself moving faster!
You feel mighty!
The necrophage hits you but does no damage.
The orc hits you but does no damage.
Duvessa hits you but does no damage. ๐Ÿ˜ฑ HP[+9]
You now have 195 max hp (+65).
You regained 9 hp, and now have 24/195 hp.
You closely miss the adder. You closely miss the necrophage.
You barely miss Duvessa. You closely miss something. You barely miss the orc.
The adder completely misses you. The necrophage hits you.
* * * LOW HITPOINT WARNING * * *
Something hits you but does no damage. The orc hits you but does no damage.
Duvessa hits you but does no damage. ๐Ÿ˜ฑ HP[-5]
You take 5 damage, and now have 19/195 hp.
You closely miss the adder. You barely miss the necrophage.
You barely miss Duvessa. You hit something. You hit the orc.
The adder bites you but does no damage. ๐Ÿ˜ฑ HP[+1]
You slash the adder!
You kill the adder!
Lugonu accepts your kill.
You hit the orc.
You kill the orc!
Lugonu accepts your kill.
You miss something. You hit Duvessa. You closely miss the necrophage.
The necrophage hits you.
* * * LOW HITPOINT WARNING * * *
You feel drained.
Dowan, Brother of Duvessa comes into view.
He is wielding a +0 dagger.
Duvessa hits you but does no damage.
Something hits you but does no damage. ๐Ÿ˜ฑ HP[-4]
You now have 193 max hp (-2).
You take 4 damage, and now have 16/193 hp.
You barely miss the necrophage. You barely miss something. You hit Duvessa.
The necrophage hits you.
* * * LOW HITPOINT WARNING * * *
You feel drained.
* * * LOW HITPOINT WARNING * * *
Something hits you but does no damage.
Duvessa hits you but does no damage. ๐Ÿ˜ฑ HP[-3]
You now have 189 max hp (-4).
You slash Duvessa! You closely miss the necrophage.
You slash something! ๐Ÿ˜ฑ HP[+1]
You hit Duvessa. You slash the necrophage! You slash the ufetubus!
You kill the ufetubus!
Lugonu accepts your kill.
You barely miss something. Something hits you but does no damage.
The necrophage hits you but does no damage.
Dowan casts a spell.
Dowan blinks!
Duvessa hits you but does no damage. ๐Ÿ˜ฑ HP[+1]
You now have 190 max hp (+1).
You slash Duvessa! You barely miss something. You slash the necrophage!
You destroy the necrophage!
Lugonu accepts your kill.
A sky beast appears from thin air!
Reactivating autopickup.
The sky beast hits you.
* * * LOW HITPOINT WARNING * * *
The sky beast shocks you.
* * * LOW HITPOINT WARNING * * *
Duvessa hits you with a +2 vampiric rapier!
You die...

Skill      XL: |  1  2  3  4  5  6  7  8 |
---------------+-------------------------+-----
Invocations    | 3 4 5 |  5.5
Fighting       | 5 6 7 |  7.4
Axes           | 3 4 5 |  5.1
Dodging        | 3 4 |  4.8

Action                   |  1- 3 |  4- 6 |  7- 9 || total
-------------------------+-------+-------+-------++-------
Melee: Hand axe          |    96 |   146 |   144 ||   386
       Punch             |     3 |     1 |     1 ||     5
Invok: Bend Space        |       |       |     1 ||     1
Evoke: Wand              |       |       |     6 ||     6
  Use: Scroll            |     3 |     3 |     2 ||     8
       Potion            |       |       |     4 ||     4
 Stab: Sleeping          |       |       |     1 ||     1
       Paralysed         |       |       |     2 ||     2
Armor: Robe              |    36 |    62 |    52 ||   150
       Skin              |       |       |    25 ||    25
Dodge: Dodged            |    77 |    99 |    87 ||   263

Levels and vault maps discovered:
D:1:      kennysheep_arrival_seaside, layout_basic,
          shapermc_ecumenical_altar_gd, minmay_misc_feat_columns, st_stairs_2
D:2:      layout_basic
D:3:      cheibrodos_fertilizer, layout_basic
D:4:      layout_loops_cross, minmay_temple_entry_arrows,
          gammafunk_ghost_necromancy, uniq_grinder, uniq_robin,
          uniq_blork_the_orc
D:5:      minmay_opposing_rooms, layout_cave_pools, serial_shops, shop,
          uniq_crazy_yiuf_cottage, uniq_ijyb, uniq_duvessa

Notes
Turn   | Place    | Note
-------+----------+-------------------------------------------
     0 | Abyss:1  | spiderkeys the Ogre Abyssal Knight began the quest for the
                  | Orb.
     0 | Abyss:1  | Reached XP level 1. HP: 24/24 MP: 2/2
     0 | Abyss:1  | magus.rc [v1.11.3]
     2 | Abyss:1  | Found a corrupted altar of Lugonu.
    10 | D:1      | You pass through the gate.
    10 | D:1      | Escaped the Abyss
    97 | D:1      | Found a faded altar of an unknown god.
   438 | D:1      | Reached XP level 2. HP: 28/32 MP: 3/3
   812 | D:1      | Reached XP level 3. HP: 35/40 MP: 4/4
  1540 | D:2      | Reached *** piety under Lugonu
  1977 | D:3      | Reached XP level 4. HP: 41/49 MP: 6/6
  2054 | D:3      | Reached skill level 3 in Invocations
  2056 | D:3      | Reached skill level 5 in Fighting
  2056 | D:3      | Reached skill level 3 in Axes
  2056 | D:3      | Reached skill level 3 in Dodging
  2056 | D:3      | Reached XP level 5. HP: 16/57 MP: 7/7
  2059 | D:3      | HP: 11/57 [frozen (5)]
  3233 | D:4      | Reached XP level 6. HP: 63/66 MP: 8/8
  3237 | D:4      | Reached **** piety under Lugonu
  3260 | D:4      | Noticed Robin
  3352 | D:4      | Killed Robin
  3424 | D:4      | Reached skill level 4 in Invocations
  3457 | D:4      | Reached skill level 6 in Fighting
  3498 | D:4      | Found a staircase to the Ecumenical Temple.
  3523 | D:4      | Reached XP level 7. HP: 69/75 MP: 10/10
  3542 | D:4      | Noticed Blork the orc
  3549 | D:4      | Reached skill level 4 in Axes
  3569 | D:4      | Killed Blork the orc
  3705 | D:4      | Reached skill level 4 in Dodging
  3748 | D:4      | Found a runed translucent gate.
  3748 | D:4      | Found a runed translucent gate.
  3750 | D:4      | Found a runed translucent gate.
  3752 | D:4      | Noticed Psyclone's ghost (amateur OpTm)
  4059 | D:4      | Noticed Grinder
  4078 | D:4      | Killed Grinder
  4079 | D:4      | Reached skill level 5 in Invocations
  4231 | D:5      | Entered Level 5 of the Dungeon
  4284 | D:5      | Reached ***** piety under Lugonu
  4285 | D:5      | Reached skill level 7 in Fighting
  4285 | D:5      | Reached XP level 8. HP: 77/87 MP: 11/11
  4384 | D:5      | You pick up a book of Iron and begin reading...
  4384 | D:5      | You add the spells Animate Armour, Blade Hands and Iron
                  | Shot to your library.
  4410 | D:5      | Reached skill level 5 in Axes
  4417 | D:5      | Found Fiusi's Weapon Boutique.
  4428 | D:5      | HP: 18/85 [necrophage (7)]
  4428 | D:5      | HP: 8/85 [necrophage (2)]
  4429 | D:5      | Noticed Duvessa
  4438 | D:5      | HP: 19/195 [necrophage (6)]
  4440 | D:5      | Noticed Dowan
  4444 | D:5      | HP: 13/190 [sky beast (2)]
  4444 | D:5      | Slain by Duvessa

Vanquished Creatures
  Grinder (D:4)
  A black bear (D:5)
  A phantom (D:5)
  Blork the orc (D:4)
  A bullfrog (D:3)
  2 necrophages
  2 scorpions
  A howler monkey (D:4)
  A hound (D:5)
  4 jellies
  An orc wizard (D:4)
  Robin (D:4)
  8 adders
  4 gnolls (D:4)
  An ufetubus (D:5)
  2 worms
  2 dart slugs
  10 orcs
  3 bats
  11 endoplasms
  A giant cockroach (D:4)
  11 goblins
  12 hobgoblins
  9 jackals
  16 kobolds
  A quokka (D:1)
  4 ball pythons
  3 frilled lizards
  5 rats
  2 toadstools (D:3)
122 creatures vanquished.

Vanquished Creatures (others)
  4 demonic plants (D:1)
  2 plants (D:1)
  8 toadstools (D:3)
  3 withered plants (D:1)
17 creatures vanquished.

Grand Total: 139 creatures vanquished

Table legend:
 A = Non-vault XP
 B = Vault XP
 C = Vault XP percentage of total XP
 D = Non-vault monster count
 E = Vault monster count
 F = Vault count percentage of total count
                 A         B        C        D         E       F
            +---------+---------+-------+---------+---------+-------
      Total |    1129 |     578 |  33.9 |      84 |      36 |  30.0
            +---------+---------+-------+---------+---------+-------
        D:1 |      36 |       3 |   7.7 |      19 |       2 |   9.5
        D:2 |      33 |       0 |   0.0 |      12 |       0 |   0.0
        D:3 |     129 |     125 |  49.2 |      13 |      26 |  66.7
        D:4 |     405 |     404 |  49.9 |      28 |       6 |  17.6
        D:5 |     526 |      46 |   8.0 |      12 |       2 |  14.3
            +---------+---------+-------+---------+---------+-------

Illustrated notes

Table legend:
 A = Kills in this place as a percentage of kills in entire the game.
 B = Kills by you in this place as a percentage of kills by you in the entire game.
 C = Kills by friends in this place as a percentage of kills by friends in the entire game.
 D = Other kills in this place as a percentage of other kills in the entire game.
 E = Experience gained in this place as a percentage of experience gained in the entire game.
 F = Experience gained in this place divided by the number of levels of this place that you have seen.
                   A       B       C       D       E      F
               +-------+-------+-------+-------+-------+----------------------
         Total | 100.0 | 100.0 |   N/A |   N/A | 100.0 | 284.5
       Dungeon | 100.0 | 100.0 |   N/A |   N/A | 100.0 | 341.4
               +-------+-------+-------+-------+-------+----------------------

Table legend: (Time is in decaauts)
 A = Elapsed time spent in this place.
 B = Non-inter-level travel time spent in this place.
 C = Inter-level travel time spent in this place.
 D = Time resting spent in this place.
 E = Time spent auto-exploring this place.
 F = Levels seen in this place.
 G = Mean time per level.
                   A        B        C        D        E       F      G
               +--------+--------+--------+--------+--------+-----+--------+
         Total |   4494 |   4385 |    109 |    175 |   3398 |   6 |  749.0 |
       Dungeon |   4484 |   4375 |    109 |    175 |   3396 |   5 |  896.8 |
         Abyss |     10 |     10 |      0 |      0 |      2 |   1 |   10.0 |
               +--------+--------+--------+--------+--------+-----+--------+

Top non-repeatable levels by time:
     D:3: 1352 daAuts
     D:1: 1150 daAuts
     D:4: 977 daAuts
     D:2: 792 daAuts
     D:5: 211 daAuts
 Abyss:1: 10 daAuts
